AoeStats
← 888HJ

Glade

510311119Analyzed
1v1 RM · 2d ago on Sep 30, 2026· 53m 14s· 2 players
Game mode
Random Map
Map size
Tiny (2 player)
Population
200
Speed
Normal
Resources
Standard
Victory
Conquest
Starting age
Dark Age
Ending age
Imperial Age
RankedLock teamsTeams togetherTeam positionsShared explorationLock speedFull tech treeHidden civsTurbo modeCheats
Victory
Defeat
🇦🇺 Bulgarians · Australia
846
+15
🇨🇳 Mongols · China
822
-15
星河船泊
0:44 Loom
2:05 Loom
9:35 Feudal Age
10:24 Double-Bit Axe
22:03 Castle Age
21:01 Stone Mining
20:57 Horse Collar
21:12 Gold Mining
22:15 Fletching
22:27 Padded Archer Armor
24:11 Stone Shaft Mining
23:51 Bow Saw
23:45 Heavy Plow
24:36 Gold Shaft Mining
28:14 Bodkin Arrow
29:12 Leather Archer Armor
30:01 Scale Barding Armor
30:07 Forging
31:31 Nomads
32:02 Masonry
33:01 Wheelbarrow
34:12 Bloodlines
34:04 Husbandry
33:27 Light Cavalry
35:30 Ballistics
36:02 Fortified Wall
36:01 Thumb Ring
40:40 Imperial Age
38:28 Hand Cart
38:00 Town Watch
39:14 Murder Holes
40:02 Chain Barding Armor
39:59 Forging
42:02 Conscription
43:03 Bracer
46:28 Chemistry
45:34 Siege Engineers
45:58 Parthian Tactics
47:10 Hussar
48:21 Elite Skirmisher
888HJ
8:22 Loom
10:33 Feudal Age
11:52 Horse Collar
13:43 Arson
15:55 Fletching
18:00 Double-Bit Axe
23:51 Castle Age
23:05 Bloodlines
23:11 Forging
23:51 Scale Barding Armor
25:20 Chain Barding Armor
25:10 Town Watch
26:49 Bow Saw
26:43 Heavy Plow
26:36 Gold Mining
26:36 Stone Mining
28:06 Gold Shaft Mining
28:40 Wheelbarrow
33:16 Iron Casting
35:58 Imperial Age
33:57 Hand Cart
33:51 Bodkin Arrow
34:12 Masonry
35:19 Stirrups
35:35 Husbandry
37:57 Chemistry
38:17 Plate Barding Armor
38:51 Crop Rotation
38:56 Conscription
39:08 Light Cavalry
42:21 Blast Furnace
41:22 Bracer
42:50 Thumb Ring
42:08 Elite Skirmisher
42:53 Padded Archer Armor
43:47 Leather Archer Armor
43:57 Ballistics
43:47 Siege Engineers
43:15 Hussar
44:01 Elite Konnik
47:07 Cavalier
48:49 Stone Shaft Mining
Connection lost

Rejoining the realm…

Still unreachable

The connection could not be restored.

Session expired

The server has moved on; the page needs a fresh start.